Map: Catalyst LE

Players

Dicehammer

  • Race: Terran Terran
  • League: Master
  • Spawn Location: 11:00

WiNdRiVeN - Winner!

  • Race: Zerg Zerg
  • League: Master
  • Spawn Location: 5:00

VOD

Have the link to the VOD?

Description

Time

  • Played on: July 28, 2018, 12:59 p.m.
  • Length: 23:28
Show
View Real Time Build Order
Export as new Build Order

Dicehammer Terran 

Build Orders: Reaper Expand, MMM Bio 

Get SALT Encoding   

  12  0:00  SCV  
  13  0:13  SCV  
  14  0:17  Supply Depot  
  14  0:25  SCV  
  14  0:27  Refinery  
  15  0:39  SCV  
  16  0:45  Barracks  
  16  0:51  SCV  
  17  1:03  SCV  
  18  1:15  SCV  
  19  1:32  Orbital Command, Reaper  
  20  1:47  Command Center  
  20  2:00  Factory  
  20  2:02  SCV  
  20  2:07  Barracks Reactor  
  21  2:11  Refinery  
  21  2:14  SCV  
  22  2:20  Supply Depot  
  22  2:26  SCV  
  23  2:41  SCV  
  24  2:49  Starport  
  24  2:53  Hellion x2  
  24  2:57  SCV  
  24  2:58  Marine  
  29  3:02  Orbital Command  
  30  3:11  SCV  
  30  3:16  Barracks Tech Lab  
  32  3:20  Hellion  
  32  3:21  Hellion  
  32  3:23  SCV  
  35  3:27  SCV  
  36  3:39  SCV x2  
  38  3:42  Viking  
  39  3:57  SCV x2  
  39  4:02  Liberator, Hellion x2  
  42  4:09  SCV x2  
  43  4:16  Supply Depot  
  46  4:38  SCV x2  
  48  4:39  Barracks Tech Lab  
  48  4:41  Supply Depot  
  48  4:46  Command Center  
  48  4:50  SCV x2  
  50  4:58  Stimpack  
  50  5:02  SCV x2  
  50  5:03  Engineering Bay x2  
  52  5:11  Factory Reactor  
  52  5:13  Barracks  
  52  5:14  SCV  
  52  5:17  Barracks  
  52  5:18  Starport Reactor  
  53  5:24  SCV  
  53  5:25  Marine  
  53  5:27  SCV  
  56  5:30  Terran Infantry Weapons Level 1, Terran Infantry Armor Level 1  
  54  5:47  Marine  
  55  5:52  SCV x2  
  55  5:54  Barracks  
  57  5:57  Barracks  
  57  6:04  Siege Tank, Medivac x2  
  59  6:06  Orbital Command  
  59  6:19  Marine x5  
  59  6:20  SCV  
  59  6:21  SCV  
  59  6:22  Armory  
  59  6:24  Refinery  
  59  6:25  Refinery, Supply Depot x2  
  62  6:37  Marine x2  
  62  6:39  Siege Tank  
  61  6:46  Barracks Reactor, Marine x2  
  61  6:47  Barracks Reactor  
  63  6:50  Marine  
  63  6:53  Missile Turret x2  
  62  6:55  Orbital Command  
  62  6:58  Marine x2  
  59  7:11  Marine x3  
  59  7:13  Thor  
  65  7:16  Marine x2  
  59  7:24  Marine x4  
  59  7:28  Marine x2  
  60  7:34  Combat Shield, Marine x2  
  60  7:35  Marine  
  66  7:43  SCV x2  
  64  7:47  Marine x4  
  64  7:48  Starport Reactor, Supply Depot  
  64  7:49  Supply Depot  
  68  7:53  SCV  
  68  7:55  SCV x2  
  71  8:04  Marine x4  
  75  8:05  SCV  
  75  8:07  SCV  
  75  8:08  Factory  
  75  8:09  Factory Reactor, Marine x4  
  81  8:13  SCV  
  81  8:17  Missile Turret  
  81  8:18  SCV, Marine  
  81  8:19  SCV  
  85  8:22  Terran Vehicle Weapons Level 1  
  85  8:25  SCV  
  85  8:26  Terran Infantry Armor Level 2  
  86  8:27  Terran Infantry Weapons Level 2  
  86  8:30  SCV  
  86  8:31  Factory Reactor  
  86  8:33  Marine x3  
  86  8:34  Marine x3  
  92  8:40  Starport Reactor  
  93  8:43  Marine x3  
  93  8:45  SCV x3  
  99  8:49  Missile Turret  
  99  8:51  Marine  
  99  8:53  Thor  
  106  8:57  SCV  
  106  8:59  Supply Depot  
  106  9:00  Supply Depot x2, Marine  
  106  9:01  Marine x2  
  109  9:20  SCV x2, Marine x4, Medivac  
  109  9:21  Widow Mine x2, Marine x4, Medivac  
  109  9:22  SCV  
  128  9:26  Marine  
  129  9:38  Marine x2  
  107  9:44  Marine x5  
  107  9:45  Thor, Widow Mine x2  
  104  9:46  SCV x3  
  104  9:48  Refinery x2  
  104  9:51  Marine x2  
  109  9:56  Marine  
  110  10:02  Marine x2  
  110  10:03  Medivac x2, Command Center  
  116  10:12  Marine x4  
  116  10:13  Marauder, Widow Mine x2  
  126  10:19  Terran Vehicle Weapons Level 2  
  126  10:22  Supply Depot  
  126  10:24  Supply Depot, Marine x2  
  128  10:37  Bunker, Marine x4  
  128  10:38  Marine  
  133  10:44  Widow Mine x2, SCV x3, Marine  
  141  10:50  Terran Infantry Armor Level 3  
  141  10:52  Terran Infantry Weapons Level 3  
  141  10:58  Marine  
  141  10:59  Marine x4  
  146  11:10  Supply Depot x2  
  146  11:15  Marine x4  
  146  11:16  Marine  
  146  11:18  Bunker  
  151  11:29  Marine x4  
  151  11:30  Thor, Widow Mine x2  
  165  11:33  Marauder  
  165  11:35  Planetary Fortress  
  165  11:37  SCV x3  
  170  11:44  Marine x4  
  174  11:47  Marine  
  174  11:49  SCV x2  
  174  11:50  Supply Depot  
  174  11:51  Supply Depot  
  177  11:54  Missile Turret  
  177  11:55  SCV  
  177  11:56  Missile Turret  
  177  12:01  SCV  
  179  12:10  SCV  
  179  12:11  SCV  
  179  12:14  Factory Tech Lab  
  179  12:22  Sensor Tower  
  179  12:26  Sensor Tower  
  179  12:29  SCV x2, Marine x3  
  183  12:30  Marauder, Marine x3  
  183  12:31  Siege Tank  
  183  12:34  Refinery  
  183  12:35  Terran Vehicle Weapons Level 3  
  183  12:36  Refinery  
  192  12:41  Barracks x2  
  192  12:42  Ghost Academy, Barracks  
  192  13:00  Command Center  
  192  13:02  Marine x4  
  192  13:03  Marauder  
  196  13:12  Marine  
  196  13:13  Siege Tank  
  200  13:24  Marauder  
  200  13:25  Marine x2  
  180  13:39  Marine x7  
  180  13:40  Barracks Tech Lab x2  
  175  13:41  Viking  
  175  13:42  Siege Tank, Viking  
  175  13:45  Siege Tank  
  181  13:52  Marine x3  
  183  14:02  Marine x6  
  175  14:03  Marauder  
  175  14:04  Barracks Tech Lab  
  179  14:10  Starport x2  
  179  14:13  Marine x3  
  179  14:14  Medivac x2, Command Center  
  186  14:20  Marine  
  186  14:22  Marine  
  186  14:23  Marine x5  
  193  14:24  Marauder  
  177  14:32  Unknown  
  177  14:33  Marine x2  
  177  14:34  Marauder  
  177  14:37  Siege Tank x2  
  187  14:42  Marine x5  
  187  14:43  Marauder, Marine  
  195  14:51  Marine x4  
  199  14:53  Starport Tech Lab  
  199  14:55  Marine  
  199  14:58  Fusion Core  
  199  14:59  Starport Reactor  
  199  15:07  Liberator  
  199  15:12  Marine x3  
  199  15:13  Marauder x2, Terran Vehicle And Ship Armor Level 1, Marine x2  
  184  15:14  Siege Tank x2  
  184  15:16  Refinery  
  180  15:23  Refinery, Marine  
  180  15:24  Marauder, Marine x2  
  168  15:33  Viking x2  
  168  15:34  Marine x3  
  169  15:37  Planetary Fortress  
  160  15:53  Marine x7  
  167  16:06  Medivac  
  167  16:07  Viking x2, Medivac  
  175  16:14  Marine x4  
  175  16:15  Marine x2  
  174  16:22  Unknown x2  
  171  16:30  Marine x3  
  171  16:31  Marauder  
  142  16:47  Viking x3  
  149  16:49  Marine x2  
  161  17:00  Unknown x2  
  161  17:03  Refinery  
  161  17:12  Marine x6  
  171  17:17  Unknown  
  171  17:20  Unknown  
  171  17:21  Marine x4  
  175  17:26  Medivac  
  175  17:27  Viking, Medivac  
  181  17:30  Marine  
  178  17:38  Unknown  
  178  17:39  Unknown  
  149  17:47  Marine x6  
  149  17:48  Marauder x3, Marine  
  149  17:49  Thor x2, Viking  
  138  18:03  Marine x2  
  138  18:04  Viking x2  
  138  18:05  Marine x2  
  138  18:10  Marauder, Terran Vehicle And Ship Armor Level 2  
  126  18:16  Marine  
  127  18:22  SCV x3  
  127  18:24  SCV  
  127  18:26  Marine  
  132  18:29  SCV  
  133  18:34  SCV  
  133  18:35  SCV x2  
  133  18:36  SCV  
  133  18:37  Refinery  
  133  18:39  Personal Cloaking  
  133  18:41  Refinery, SCV  
  138  18:47  Planetary Fortress  
  138  18:49  SCV x2  
  138  18:50  SCV x2  
  138  18:53  Viking  
  135  19:12  Marine x3  
  135  19:13  Marauder x2, Marine  
  135  19:14  Marauder  
  123  19:20  Marine x3  
  123  19:21  Marine  
  120  19:25  SCV x6  
  131  19:37  SCV  
  129  19:39  SCV x3  
  129  19:45  Marine x8  
  136  19:46  Marauder  
  136  19:47  Marauder  
  136  19:48  Marauder  
  136  19:50  Medivac x2  
  136  19:51  Medivac  
  152  19:58  Unknown  
  152  20:04  Marine x7  
  152  20:05  Viking  
  152  20:07  Viking  
  171  20:22  Liberator x3  
  171  20:23  Liberator  
  171  20:28  Marine x5  
  171  20:29  Marine x3  
  191  20:46  Unknown x2  
  191  20:47  Unknown  
  191  20:48  Unknown  
  195  21:15  Unknown  
  195  21:18  Marine x5  
  172  21:19  Marauder  
  172  21:22  Marauder x2, Unknown x3  
  146  21:36  Marine  
  146  21:37  Marine x2  
  146  21:38  Viking x3  
  134  21:44  Marauder x2  
  131  21:48  Marine x5  
  131  21:50  Viking x2  
  131  21:53  Unknown  
  131  21:54  Marauder  
  124  21:58  Marine x3  
  127  22:04  Marine  
  127  22:08  Unknown  
  127  22:09  Viking x3  
  108  22:30  Marine x3  
  108  22:31  Marauder x2, Marine x3  
  108  22:32  Marauder  
  100  22:38  Marine x2  
  98  22:52  Marine  
  98  22:53  Marauder, Marine x3  
  73  23:28  Unknown x2  
Show
View Real Time Build Order
Export as new Build Order

WiNdRiVeN Zerg - Winner!

Build Orders: Hatch First, Muta Ling Bane 

Get SALT Encoding   

  12  0:00  Drone  
  13  0:13  Overlord  
  13  0:17  Drone  
  14  0:31  Drone x2  
  14  0:35  Drone  
  17  0:52  Hatchery  
  17  0:55  Drone  
  17  0:58  Extractor  
  17  1:00  Drone  
  17  1:13  Spawning Pool  
  17  1:17  Drone  
  17  1:19  Drone  
  18  1:29  Drone  
  19  1:39  Overlord  
  19  1:50  Drone  
  20  2:00  Metabolic Boost  
  20  2:01  Queen  
  20  2:03  Zergling x2  
  20  2:06  Queen  
  25  2:09  Zergling x2  
  25  2:12  Zergling x2  
  27  2:16  Drone  
  28  2:23  Drone  
  28  2:26  Overlord  
  29  2:33  Drone  
  29  2:36  Drone  
  31  2:41  Queen  
  31  2:44  Drone  
  34  2:52  Overlord  
  34  2:54  Drone  
  35  3:01  Drone  
  36  3:13  Zergling x10  
  41  3:26  Hatchery  
  40  3:27  Zergling x4  
  40  3:31  Lair  
  42  3:37  Overlord  
  42  3:38  Extractor, Drone  
  42  3:44  Drone  
  42  3:45  Drone x3  
  38  4:04  Drone  
  38  4:06  Drone x3  
  41  4:15  Drone x2  
  42  4:18  Zergling x2  
  42  4:19  Zergling x4  
  45  4:26  Overlord  
  45  4:28  Zergling x2  
  46  4:40  Spire, Extractor  
  46  4:42  Extractor  
  46  4:43  Zergling x14  
  50  4:51  Drone  
  50  4:52  Drone x3  
  54  4:53  Drone  
  55  5:06  Drone x5  
  60  5:13  Overlord x2  
  60  5:14  Overlord  
  60  5:27  Overlord  
  53  5:48  Drone  
  44  6:04  Mutalisk x3  
  44  6:05  Mutalisk x4  
  44  6:08  Queen  
  60  6:14  Queen  
  60  6:17  Drone  
  60  6:18  Drone x7  
  68  6:29  Overseer  
  68  6:37  Drone  
  68  6:38  Drone  
  68  6:39  Drone x3  
  72  6:44  Drone x6  
  78  6:47  Evolution Chamber x2  
  78  6:49  Zerg Flyer Weapons Level 1  
  78  6:50  Baneling Nest  
  78  6:52  Drone  
  76  7:09  Mutalisk x3  
  76  7:15  Overlord x5  
  80  7:37  Zerg Melee Weapons Level 1, Zerg Ground Armor Level 1  
  80  7:49  Mutalisk  
  82  7:54  Drone x10  
  82  7:56  Extractor  
  82  7:58  Extractor  
  90  8:03  Centrifical Hooks  
  90  8:09  Hatchery  
  88  8:13  Pneumatized Carapace  
  88  8:17  Drone x5  
  93  8:22  Zergling x8  
  97  8:29  Baneling x2  
  97  8:30  Baneling x2  
  97  8:44  Zerg Flyer Weapons Level 2  
  97  8:46  Zergling x2  
  97  8:47  Zergling x20  
  108  8:58  Zergling x2  
  108  8:59  Zergling x10  
  108  9:05  Infestation Pit, Zergling x2  
  108  9:06  Zergling x6  
  108  9:08  Baneling x8  
  111  9:10  Zergling x2  
  111  9:11  Zergling x2  
  111  9:15  Zergling x2  
  111  9:16  Overlord x2  
  114  9:30  Zergling x12  
  100  9:47  Hive  
  100  9:50  Drone x11  
  100  9:51  Drone x2, Queen  
  115  10:03  Pathogen Glands  
  115  10:06  Zerg Ground Armor Level 2, Zerg Melee Weapons Level 2  
  115  10:08  Drone  
  115  10:09  Drone x6  
  115  10:11  Extractor x2  
  120  10:32  Hydralisk Den  
  120  10:33  Evolution Chamber  
  120  10:34  Drone  
  120  10:35  Drone x4  
  123  10:36  Hatchery  
  118  10:53  Drone  
  119  11:05  Greater Spire  
  119  11:06  Zerg Missile Weapons Level 1, Muscular Augments, Hydralisk  
  119  11:07  Hydralisk x7  
  119  11:09  Overlord x7  
  119  11:10  Overlord  
  135  11:23  Adrenal Glands  
  135  11:27  Hydralisk  
  135  11:28  Hydralisk x5  
  135  11:30  Extractor  
  146  11:33  Extractor  
  146  11:36  Infestor  
  146  11:37  Infestor x4  
  155  11:40  Zergling x10  
  155  11:41  Zergling x4  
  155  11:45  Drone x4  
  166  11:47  Drone  
  167  12:12  Corruptor x4  
  167  12:13  Corruptor x4  
  180  12:17  Grooved Spines  
  180  12:18  Baneling x8  
  180  12:19  Zergling x2  
  180  12:20  Zergling x22  
  192  12:25  Zergling x2  
  192  12:26  Zergling x10  
  198  12:36  Zerg Flyer Weapons Level 3  
  198  12:40  Zerg Ground Armor Level 3  
  198  12:43  Overlord  
  198  13:01  Spine Crawler  
  198  13:02  Spine Crawler x2  
  198  13:05  Brood Lord x2  
  198  13:09  Brood Lord x2  
  193  13:13  Brood Lord  
  193  13:18  Zerg Missile Weapons Level 2  
  195  13:20  Zergling x2  
  195  13:21  Zergling x8  
  199  13:31  Hydralisk x6  
  188  13:39  Zergling x40  
  188  13:40  Zergling x2  
  156  14:00  Baneling x6  
  156  14:01  Hydralisk  
  156  14:02  Hydralisk x11  
  172  14:05  Neural Parasite  
  180  14:14  Zerg Melee Weapons Level 3  
  180  14:23  Corruptor x3  
  182  14:39  Corruptor x3  
  182  14:43  Drone x10  
  182  14:44  Drone  
  194  15:11  Brood Lord  
  194  15:12  Brood Lord x4  
  194  15:13  Zerg Flyer Armor Level 1  
  187  15:18  Zergling x2  
  187  15:19  Zergling x38  
  166  15:29  Hydralisk x5  
  168  15:49  Corruptor x7  
  174  15:57  Hatchery  
  174  16:00  Zerg Missile Weapons Level 3  
  172  16:06  Hydralisk x4  
  180  16:20  Overseer x2  
  177  16:27  Hydralisk  
  177  16:28  Hydralisk x9  
  177  16:39  Zergling x2  
  175  16:40  Zergling x26  
  185  17:00  Infestor x6  
  197  17:04  Extractor  
  197  17:05  Extractor  
  195  17:09  Zerg Flyer Armor Level 2  
  195  17:14  Spine Crawler  
  194  17:15  Spore Crawler  
  194  17:16  Overseer x3  
  194  17:18  Brood Lord  
  194  17:21  Brood Lord  
  197  17:23  Drone x2  
  199  17:31  Spore Crawler  
  199  17:33  Spore Crawler  
  199  17:36  Zergling x2  
  199  17:37  Zergling x24  
  199  17:38  Spore Crawler  
  152  17:57  Hydralisk x13  
  162  18:07  Hydralisk x5  
  162  18:09  Drone  
  162  18:10  Drone  
  169  18:18  Brood Lord  
  169  18:19  Brood Lord x2  
  175  18:22  Brood Lord  
  177  18:27  Hydralisk  
  177  18:28  Hydralisk x2  
  177  18:30  Drone  
  177  18:31  Drone  
  184  18:48  Drone x9  
  189  18:52  Infestor x3  
  141  19:25  Corruptor x10, Hatchery  
  141  19:28  Zergling x4  
  162  19:38  Hydralisk x6  
  174  19:52  Zerg Flyer Armor Level 3  
  174  20:03  Brood Lord x5  
  174  20:05  Brood Lord  
  186  20:12  Corruptor  
  186  20:13  Corruptor  
  189  20:24  Zergling x2  
  189  20:25  Zergling x18  
  199  20:42  Extractor  
  198  20:44  Extractor  
  197  20:53  Spine Crawler  
  197  20:54  Spine Crawler  
  195  21:03  Spore Crawler  
  191  21:17  Hydralisk x5  
  191  21:18  Hydralisk x4  
  187  21:27  Corruptor x8  
  199  21:38  Hydralisk  
  199  22:15  Hatchery  
  190  22:23  Spine Crawler x2  
  190  22:26  Spine Crawler  
  190  22:28  Spine Crawler  
  170  22:39  Zergling x8  
  170  22:40  Zergling x48  
  186  23:00  Brood Lord  
  186  23:01  Brood Lord x6  
  186  23:04  Overseer x4  
Tags
 
Add a new tag
Caveats
  • Supply blocks, unpowered buildings, or Contaminate may cause inaccurate times.
  • Supply counts are checked every 10 seconds.